AoeStats
← ecerva.27

Arena

509001942Analyzed
4v4 RM · 7d ago on Sep 25, 2026· 40m 35s· 8 players
Game mode
Random Map
Map size
Large (8 player)
Population
200
Speed
Normal
Resources
Standard
Victory
Conquest
Starting age
Dark Age
Ending age
Imperial Age
RankedLock teamsTeams togetherTeam positionsShared explorationLock speedFull tech treeHidden civsTurbo modeCheats
Victory
Defeat
🇧🇷 Varangians · Brazil
1339
+17
🇦🇷 Malay · Argentina
1280
+20
🇲🇽 Huns · Mexico
1220
+22
🇦🇷 Lithuanians · Argentina
1204
+22
🇧🇷 Poles · Brazil
1459
-23
🇧🇷 Teutons · Brazil
1344
-20
🇧🇷 Franks · Brazil
1323
-19
🇧🇷 Turks · Brazil
1313
-19
ecerva.27
10:18 Feudal Age
14:36 Castle Age
13:05 Double-Bit Axe
13:59 Loom
14:37 Fletching
16:24 Bodkin Arrow
20:59 Padded Archer Armor
23:50 Horse Collar
26:05 Heavy Plow
27:19 Wheelbarrow
28:12 Scale Barding Armor
28:42 Ballistics
28:34 Gold Mining
29:17 Hand Cart
28:59 Stone Mining
29:26 Bow Saw
31:59 Chain Barding Armor
31:50 Forging
33:35 Bloodlines
33:26 Husbandry
36:11 Imperial Age
33:49 Marauders
34:53 Iron Casting
35:21 Gold Shaft Mining
36:34 Elite Tarkan
38:26 Plate Barding Armor
42:11 Blast Furnace
| ArCas | Toruk Makto
9:39 Loom
12:25 Feudal Age
16:30 Castle Age
14:47 Fletching
28:43 Horse Collar
28:52 Double-Bit Axe
30:24 Heavy Plow
33:58 Wheelbarrow
33:13 Crossbowman
35:56 Hand Cart
35:26 Town Watch
35:40 Gold Mining
35:42 Stone Mining
36:58 Bow Saw
40:00 Imperial Age
37:58 Thumb Ring
38:21 Forging
38:08 Bodkin Arrow
39:01 Gold Shaft Mining
39:08 Stone Shaft Mining
39:14 Padded Archer Armor
38:42 Pikeman
39:22 Squires
39:05 Arbalester
39:50 Bracer
40:37 Conscription
1
10:18 Feudal Age
11:33 Double-Bit Axe
11:59 Horse Collar
14:32 Castle Age
15:28 Bow Saw
17:58 Heavy Plow
23:00 Wheelbarrow
22:18 Stone Mining
24:58 Hand Cart
28:50 Imperial Age
26:19 Gold Mining
27:06 Bloodlines
27:23 Scale Barding Armor
27:29 Forging
28:36 Chain Barding Armor
29:19 Stone Shaft Mining
29:36 Iron Casting
29:02 Elite Leitis
30:12 Conscription
29:56 Loom
31:04 Plate Barding Armor
32:49 Crop Rotation
33:20 Two-Man Saw
34:45 Coinage
36:24 Banking
40:34 Fletching
Tabosa
10:01 Feudal Age
13:39 Castle Age
12:06 Loom
13:06 Double-Bit Axe
13:12 Fletching
14:14 Bodkin Arrow
17:05 Wheelbarrow
26:03 Scale Barding Armor
29:34 Chain Barding Armor
32:02 Hand Cart
32:48 Gold Mining
34:18 Bow Saw
33:50 Horse Collar
34:07 Stone Mining
35:10 Heavy Plow
36:12 Forging
38:34 Iron Casting
40:09 Stone Shaft Mining
[Massa] Riacho Molhado
10:51 Feudal Age
9:08 Loom
14:20 Castle Age
12:24 Double-Bit Axe
12:47 Horse Collar
13:43 Gold Mining
17:02 Husbandry
17:31 Fletching
19:08 Padded Archer Armor
19:33 Loom
21:21 Bodkin Arrow
23:34 Ballistics
27:28 Leather Archer Armor
28:46 Wheelbarrow
27:57 Town Watch
34:21 Imperial Age
32:09 Thumb Ring
33:13 Hand Cart
33:12 Bow Saw
33:04 Heavy Plow
33:45 Gold Shaft Mining
33:07 Stone Mining
35:22 Bracer
36:04 Ring Archer Armor
36:41 Bloodlines
38:22 Heavy Cavalry Archer
39:28 Parthian Tactics
[MassA]Azrael
6:18 Loom
8:38 Feudal Age
10:40 Fletching
14:39 Double-Bit Axe
15:34 Horse Collar
23:53 Castle Age
23:03 Stone Mining
23:06 Gold Mining
23:21 Scale Mail Armor
25:36 Chain Mail Armor
32:08 Bodkin Arrow
33:50 Forging
36:21 Squires
37:35 Wheelbarrow
38:48 Arson
43:24 Imperial Age
LukaZ17
11:16 Feudal Age
13:09 Wheelbarrow
13:13 Wheelbarrow
15:29 Castle Age
13:44 Double-Bit Axe
16:32 Loom
24:34 Hand Cart
24:11 Gold Mining
26:28 Squires
31:40 Imperial Age
31:11 Scale Barding Armor
31:17 Forging
33:06 Chain Barding Armor
32:10 Cavalier
32:55 Chivalry
33:15 Conscription
32:59 Husbandry
35:17 Iron Casting
39:09 Blast Furnace
tg
12:00 Feudal Age
13:30 Horse Collar
13:35 Double-Bit Axe
16:19 Castle Age
17:12 Bow Saw
17:02 Heavy Plow
17:36 Loom
29:22 Wheelbarrow
30:40 Hand Cart
38:45 Imperial Age
36:22 Town Watch
37:23 Scale Barding Armor
37:24 Szlachta Privileges
39:06 Chain Barding Armor
39:24 Husbandry
39:34 Bloodlines
39:36 Forging
38:47 Cavalier
40:12 Conscription
Connection lost

Rejoining the realm…

Still unreachable

The connection could not be restored.

Session expired

The server has moved on; the page needs a fresh start.